 Dungeon Crawl Stone Soup version 0.32-a0-612-g1c984fe9d1 (webtiles) character file.

Game seed: 13924327635717985922

1651836 TheMeInTeam the Shapeless Merfolk (level 27, 240/240 HPs)
             Began as a Merfolk Berserker on Mar 4, 2024.
             Was the Champion of Trog.
             Escaped with the Orb
             ... and 3 runes on Mar 5, 2024!
             The game lasted 02:51:02 (70588 turns).

TheMeInTeam the Shapeless Merfolk (MfBe)           Turns: 70588, Time: 02:51:03

Health: 240/240    AC: 28    Str: 19    XL:     27
Magic:  23/23      EV: 42    Int:  7    God:    Trog [******]
Gold:   2991       SH: 39    Dex: 41    Spells: 26/26 levels left

rFire   + + .        a - +9 double sword (drain)
rCold   + + +        S - +10 tower shield of Ignorance {rN+ Int-4}
rNeg    + + +        x - +7 swamp dragon scales
rPois   ∞            j - +3 helmet of the Soft God {Int+3}
rElec   +            y - scarf {rC+ rF+}
rCorr   +            O - +2 pair of gloves
SInv    .            M - +0 pair of boots of Shadows and Fog {rF+ Dex+8}
Will    +++..        U - amulet of regeneration
Stlth   ++           H - +9 ring of dexterity
HPRegen 1.40/turn    Z - ring of the Princess {^Contam rElec rPois rC+ Stlth+, =R}
MPRegen 0.18/turn

%: no passive effects
@: death-form, studying 2 skills
A: vile attack, torment immunity, no potions, (nimble swimmer 2), mertail
0: Orb of Zot
}: 3/15 runes: serpentine, barnacled, slimy
a: Siphon Essence, Begin Untransformation, Renounce Religion, Trog's Hand,
Brothers in Arms


You escaped.
You worshipped Trog.
Trog was exalted by your worship.
You were an undying horror.
You visited 10 branches of the dungeon, and saw 51 of its levels.
You visited 1 bazaar.
You also visited: Trove, Sewer, Ossuary, Gauntlet and Ice Cave.

You collected 8854 gold pieces.
You spent 5863 gold pieces at shops.

Inventory:

Hand Weapons
 a - a +9 double sword of draining (weapon)
 w - a +5 antimagic double sword
Missiles
 c - 7 throwing nets
Armour
 j - the +3 helmet of the Soft God (worn) {Int+3}
   (You bought it in a shop on level 2 of the Orcish Mines)

   Int+3:     It affects your intelligence (+3).
 x - +7 swamp dragon scales (worn)
 y - a scarf of resistance (worn)
 D - an orb of guile
 M - the +0 pair of boots of Shadows and Fog (worn) {rF+ Dex+8}
   (You acquired it on level 3 of the Vaults)

   Dex+8:     It affects your dexterity (+8).
   rF+:       It protects you from fire.
 O - a +2 pair of gloves (worn)
 S - the +10 tower shield of Ignorance (worn) {rN+ Int-4}
   (You acquired it on level 4 of the Realm of Zot)

   Int-4:     It affects your intelligence (-4).
   rN+:       It protects you from negative energy.
Jewellery
 u - a ring of flight
 v - a ring of see invisible
 E - a ring of resist corrosion
 H - a +9 ring of dexterity (left hand)
 I - a ring of protection from cold
 U - an amulet of regeneration (around neck)
 Z - the ring of the Princess (right hand) {^Contam rElec rPois rC+ Stlth+, =R}
   (You took it off a deep elf sorcerer on level 3 of the Elven Halls)

   [ring of poison resistance]

   rC+:       It protects you from cold.
   rElec:     It insulates you from electricity.
   rPois:     It protects you from poison.
   ^Contam:   It causes magical contamination when unequipped.
   Stlth+:    It makes you more stealthy.
Talismans
 l - the death talisman of Atheism (active) {rCorr Slay+2}
   (You found it on level 3 of the Elven Halls)

   [talisman of death]

   Slay+2:    It affects your accuracy & damage with ranged weapons and melee
   (+2).
   rCorr:     It protects you from acid and corrosion.
Wands
 d - a wand of digging (25)
 g - a wand of light (33)
 B - a wand of warping (45)
 G - a wand of mindburst (10)
 Q - a wand of polymorph (8)
 X - a wand of paralysis (36)
Scrolls
 f - 4 scrolls of poison
 m - 11 scrolls of immolation
 o - 4 scrolls of vulnerability
 p - 7 scrolls of teleportation
 s - 8 scrolls of fog
 t - 23 scrolls of identify
 F - 8 scrolls of fear
 J - 9 scrolls of blinking
 L - 3 scrolls of summoning
 Y - 3 scrolls of silence
Potions
 b - 11 potions of mutation
 e - 2 potions of ambrosia
 h - 27 potions of curing
 i - 6 potions of lignification
 k - 12 potions of might
 n - 5 potions of resistance
 r - 6 potions of heal wounds
 C - 8 potions of enlightenment
 N - 6 potions of haste
 P - 4 potions of cancellation
 V - 5 potions of invisibility
Miscellaneous
 q - a sack of spiders
 K - a phantom mirror
 R - a lightning rod (4/4)
 T - a tin of tremorstones (2/2)
 W - a phial of floods


   Skills:
 + Level 24.7 Fighting
 - Level 4.3(11.1) Short Blades
 - Level 15.7(16.0) Long Blades
 + Level 14.8 Armour
 - Level 22.0 Dodging
 - Level 2.0 Stealth
 + Level 20.4 Shields
 - Level 20.0 Evocations
 O Level 27 Shapeshifting


You had 26 spell levels left.
You didn't know any spells.
Your spell library was empty.

Dungeon Overview and Level Annotations

Branches:
Dungeon (15/15)            Temple (0/1) D:5            Lair (5/5) D:10
 Shoals (4/4) Lair:3        Snake (4/4) Lair:2        Slime (5/5) Lair:5
    Orc (2/2) D:11            Elf (3/3) Orc:2        Vaults (4/5) D:14
  Crypt (0/3) Vaults:3     Depths (4/4) D:15            Zot (5/5) Depths:4
  Sewer (visited)         Ossuary (visited)           IceCv (visited)
Gauntlet (visited)

Altars:
Cheibriados
Dithmenos
Elyvilon
Fedhas
Gozag
Kikubaaqudgha
Okawaru
Qazlal
Ru
Vehumet
Wu Jian
Beogh

Shops:
D:2 [   Orc:2 [*(:   Elf:1 *   Shoals:1 ([   Snake:1 :(*[[   Snake:2 =
Snake:3 (   Snake:4 **   Vaults:3 [   Depths:1 *[=:   Depths:2 :   Depths:4 !

Portals:
Hell: Depths:1 Depths:2 Depths:3 Depths:4
Abyss: Depths:2 Depths:3
Pandemonium: Depths:2 Depths:4
Ziggurat: Depths:3

Annotations:
Zot:1 3 runed translucent doors, exclusion: 3 doors, Bealaq's ghost, legendary GnFE
Zot:3 36 runed translucent doors
Zot:4 2 transporters


Innate Abilities, Weirdness & Mutations

You are an undying horror.
Your melee and unarmed attacks drain, slow and weaken victims.
You are immune to unholy pain and torment.
You cannot drink.
You are immune to poison.
((You are very nimble when in or above water. (Stealth+, EV+, Speed+++)))
Your lower body shifts to a powerful aquatic tail in water.


Message History

No target in view!
No target in view!
The sentinel's mark upon you fades away.
You see here the Orb of Zot.
Things that are here:
a +0 trident; a white draconian skeleton
Things that are here:
a +10 club; a Killer Klown skeleton Done exploring.
Done exploring.
Done exploring.
Done exploring.
Search for what [Enter for "enchant w", or ? for help]? .
Things that are here:
a +10 club; a Killer Klown skeleton
Things that are here:
a +0 trident; a white draconian skeleton You see here the Orb of Zot.
Okay, then.
You pick up the Orb of Zot!
The Orb lets out an ear-shattering shriek!
The lords of Pandemonium are not amused.
Beware!
Now all you have to do is get back out of the dungeon!
You enter a permanent teleport trap!
Your surroundings suddenly seem different.
There is a stone staircase leading up here.
You climb upwards.
Level annotation: 2 transporters
There is a stone staircase leading down here.
There is an escape hatch in the ceiling here.
A mysterious force pulls you upwards. The hatch slams shut behind you.
Level annotation: 36 runed translucent doors
There is a stone staircase leading down, spattered with blood here.
You see here a +0 scimitar.
There is a stone staircase leading up, spattered with blood here.
You see here a +0 battleaxe.
You climb upwards.
There is a stone staircase leading down, spattered with blood here.
An Orb Guardian comes into view.
There is a stone staircase leading up here.
You climb upwards.
Level annotation: 3 runed translucent doors, exclusion: 3 doors, Bealaq's ghost, legendary GnFE An Irhufa, a Tzitzimitl, a smoke demon and a small abomination come into view.
There is a stone staircase leading down here.
Press: ? - help, v - describe, . - travel
Here: Irhufa, armed with a painful touch The floor.
Items here: )) [ ÷.
The Tzitzimitl gestures at you.
You convulse!
Things that are here:
a +0 cloak of preservation; a +0 long sword; a yellow draconian skeleton
Things that are here:
a +0 battleaxe; a red draconian skeleton
Things that are here:
a +0 halberd; a yellow draconian skeleton The smoke demon gestures at you.
Something smites you!
The black draconian roars!
The curse toe gives a chilling moan.
The yellow draconian annihilator roars!
There is a gate leading back out of this place here.
You go up through the gate.
Welcome back to the Depths!
There is a gate to the Realm of Zot here.
There is an open door, spattered with blood here.
Things that are here:
+0 shadow dragon scales; a shadow dragon skeleton
There is a stone staircase leading up here.
You climb upwards.
There is a stone staircase leading down, spattered with blood here.
HP restored.
A cacodemon and a sixfirhy come into view.
You block the sixfirhy's attack. The sixfirhy attacks as it pursues you!
You block the sixfirhy's attack. x4
You block the sixfirhy's attack. The sixfirhy attacks as it pursues you!
You block the sixfirhy's attack. x2
The sixfirhy completely misses you. You block the sixfirhy's attack.
You block the sixfirhy's attack. The sixfirhy attacks as it pursues you!
You block the sixfirhy's attack. x3
The cacodemon gestures next to the sixfirhy.
Some rock shatters into small pieces.
You block the sixfirhy's attack. The cacodemon gestures at you.
The bolt of devastation hits you!
Your willpower is stripped away!
You block the sixfirhy's attack. The sixfirhy attacks as it pursues you!
The sixfirhy completely misses you. You block the sixfirhy's attack. x2
You block the sixfirhy's attack.
You hear a grinding noise.
You block the sixfirhy's attack. You block the sixfirhy's attack. x2
You block the sixfirhy's attack. x2
The sixfirhy attacks as it pursues you! You block the sixfirhy's attack. x3
There is a stone staircase leading up, spattered with blood here.
Things that are here:
a +2 cloak; quicksilver dragon scales; a quicksilver dragon skeleton You block the sixfirhy's attack. x2
You climb upwards.
There is a stone staircase leading down here.
Aiming: Dig
Press: ? - help, Shift-Dir - straight line A rock wall.
This square is covered in magical glow.
The rock shatters into small pieces.
You feel your willpower return.
Aiming: Dig
Press: ? - help, Shift-Dir - straight line A rock wall.
This square is covered in magical glow.
The rock shatters into small pieces.
There is an open door here.
There is a stone staircase leading up here.
You climb upwards.
There is a stone staircase leading down here.
There is an open door here.
There is an open door here.
There is an open door here.
You see here a book of Death.
There is an open door here.
You see here a +0 mace.
There is an open door here.
There is an open door here.
There is a staircase back to the Dungeon here.
You climb upwards.
Welcome back to the Dungeon!
There is a staircase to the Depths here.
There is an open door here.
There is a stone staircase leading up here.
You climb upwards.
There is a stone staircase leading down here.
Items here: )) [[.
Items here: )) [ ÷.
Things that are here:
a +0 robe; a +0 war axe
There is a stone staircase leading up here.
You climb upwards.
There is a stone staircase leading down here.
There is a stone staircase leading up here.
You climb upwards.
There is a stone staircase leading down here.
There is a stone staircase leading up here.
You climb upwards.
There is a stone staircase leading down here.
There is a stone staircase leading up here.
You climb upwards.
There is a stone staircase leading down here.
There is a stone staircase leading up here.
You climb upwards.
There is a stone staircase leading down here.
There is an open door here.
You see here 3 boomerangs.
There is an open door here.
There is an open door here.
There is a stone staircase leading up here.
You climb upwards.
There is a stone staircase leading down here.
There is an escape hatch in the floor here.
A hell hog comes into view.
There is a stone staircase leading up here.
You climb upwards.
There is a stone staircase leading down here.
There is a stone staircase leading up here.
You climb upwards.
There is a stone staircase leading down, spattered with blood here.
There is a stone staircase leading up here.
You climb upwards.
There is a stone staircase leading down here.
A neqoxec comes into view.
You can't go up here!
You completely miss the neqoxec. You barely miss the neqoxec.
The neqoxec gestures at you. Something gnaws on your mind!
You feel your power leaking away.
You slice the neqoxec!!
The neqoxec decays.
The neqoxec is almost dead.
The neqoxec gestures at you. Something gnaws on your mind!
You feel your power leaking away.
You cut the neqoxec into ribbons!!!
You kill the neqoxec!
Trog accepts your kill.
There is a stone staircase leading up here.
You climb upwards.
There is a stone staircase leading down here.
HP restored.
There is a stone staircase leading up here.
You climb upwards.
There is a stone staircase leading down here.
You see here a ball python skeleton.
Magic restored.
There is an escape hatch in the ceiling here.
A mysterious force pulls you upwards. The hatch slams shut behind you.
There is a stone staircase leading up here.
You climb upwards.
There is a stone staircase leading down here.
There is an open door here.
There is an open door here.
There is an open door here.
There is a staircase leading out of the dungeon here.
You have escaped!

............>..#.# #..#.#
################'###########..#.#
#.................##.....#
#.#.###########.#.##.....# ####
#.##.#.......#.##.##.....# ...##
#.#.#.###'###.#.#.##.....# ##..#
#.#.#.#.....#.#.#.##....##
##.####.#.#.#.....#.#.#.###.....
#..'.'.#.#.+..z..+.#.#.'.'.###.
######.#.#.#.....#.#.#.##### #.
#.#.#.#.....#.#.#.# #.
#.#.#.###+###.#.#.# #.
#.##.#.......#.##.# #.
#.#.###########.#.# #.
#.................# #.
#########'######### #.
#.###############.


There were no monsters in sight!

Vanquished Creatures
  2 dread liches
  Frederick (Depths:3)
  5 ancient liches (Zot:5)
  6 orbs of fire
  Mara (Elf:3)
  The ghost of Obluekk the Hoplite, a veteran MiBe of Trog (Zot:5)
  Sojobo (Vaults:2)
  Boris (twice) (Elf:3 Depths:3)
  2 Killer Klowns (Zot:5)
  2 curse toes
  Margery (Depths:4)
  7 golden dragons
  Norris (Elf:3)
  3 doom hounds (Depths:4)
  2 hellephants (Depths:4)
  A Tzitzimitl (Depths:4)
  3 electric golems
  Zenata (Elf:2)
  Jorgrun (Snake:1)
  17 tentacled monstrosities
  Asterion (Depths:1)
  3 deep elf blademasters
  4 quicksilver dragons
  17 acid blobs
  A lich (Depths:3)
  25 Orb Guardians (Zot:5)
  A walking frostbound tome (Depths:3)
  A searing wretch (Depths:4)
  2 deep elf master archers
  6 death cobs
  5 sphinxes
  Polyphemus (Shoals:3)
  A kraken (Shoals:3)
  10 shadow dragons
  Kirke (Snake:1)
  The ghost of DeathSocks the Warrior, an adept CoHu of Hepliaklqana (Snake:4)
  6 tengu reavers
  Donald (Elf:3)
  9 storm dragons
  Frances (Elf:1)
  5 draconian knights
  Aizul (Elf:3)
  8 nagarajas
  14 rockslimes
  2 fire giants
  4 draconian monks
  3 protean progenitors
  9 azure jellies
  Louise (D:14)
  An emperor scorpion (D:15)
  2 ghost moths
  11 draconian scorchers
  8 deep elf sorcerers
  10 frost giants
  6 vault wardens
  2 iron dragons
  15 draconian shifters
  6 deep elf elementalists
  A reaper (Depths:3)
  9 quicksilver oozes
  2 spriggan defenders (Depths:3)
  8 draconian annihilators
  8 draconian stormcallers
  15 very ugly things
  4 orc warlords
  2 broodmothers (Zot:5)
  14 ironbound preservers
  An ironbound thunderhulk (Vaults:2)
  A juggernaut skeleton (Depths:3)
  8 stone giants
  7 deep elf demonologists
  8 formless jellyfish
  4 vampire knights
  7 deep elf annihilators
  A lorocyproca (Depths:2)
  9 deep elf death magi
  12 green draconians
  A minotaur (Gauntlet)
  2 demonspawn black suns (Zot:3)
  13 red draconians
  15 dire elephants
  7 black draconians
  10 purple draconians
  A putrid mouth (Depths:3)
  A war gargoyle (Vaults:1)
  15 white draconians
  13 yellow draconians
  8 ettins
  5 crystal guardians
  12 spark wasps
  9 fire dragons
  5 merfolk impalers
  A deep elf high priest (Elf:3)
  6 entropy weavers
  4 peacekeepers
  4 merfolk javelineers (Shoals:4)
  3 rakshasas
  2 vault guards (D:14)
  6 great orbs of eyes
  Harold (Lair:2)
  3 ghost crabs (D:14)
  8 yaktaur captains
  15 ironbound frosthearts
  9 ice dragons
  A quicksilver dragon skeleton (Depths:3)
  9 anacondas
  6 hydras
  A spriggan air mage (Depths:1)
  4 merfolk avatars
  3 merfolk aquamancers
  2 ogre magi
  2 death knights (Vaults:3)
  4 salamander tyrants
  A jorogumo (Zot:4)
  20 centaur warriors
  23 dancing weapons
  2 alligator snapping turtles
  A deep troll shaman (Depths:2)
  A catoblepas (Shoals:3)
  9 tengu warriors
  11 two-headed ogres
  5 boulder beetles
  A satyr (Shoals:4)
  4 death yaks
  8 hell hogs
  4 orc high priests
  4 deep troll earth magi
  2 vampire magi (Depths:1)
  12 naga warriors
  5 spriggan berserkers
  13 hell knights
  9 shock serpents
  19 naga sharpshooters
  Sonja (Lair:2)
  4 soul eaters
  2 occultists (Depths:1)
  4 iron trolls
  7 fire crabs
  23 deep elf knights
  8 skeletal warriors
  14 skysharks
  2 flayed ghosts
  A storm dragon skeleton (Depths:3)
  9 sea snakes
  2 glowing orange brains
  8 salamander mystics
  44 deep trolls
  A golden dragon zombie (Depths:3)
  13 mana vipers
  7 arcanists
  12 ironbound convokers
  A swamp dragon (Lair:5)
  An obsidian statue (Snake:4)
  Pikel (D:6)
  12 deep elf archers
  15 orc knights
  7 lindwurms
  10 naga ritualists
  An orange crystal statue (IceCv)
  4 necromancers
  4 thermic dynamos
  35 deep elf zephyrmancers
  2 phantasmal warriors (Depths:2)
  A tengu zombie (Depths:3)
  17 harpies
  22 deep elf pyromancers
  17 manticores
  37 ugly things
  A fire giant zombie (Depths:3)
  8 fauns
  3 shining eyes
  A tengu skeleton (Depths:3)
  An oklob plant (Lair:5)
  6 orc sorcerers
  A faun (shapeshifter) (Depths:4)
  8 merfolk sirens
  14 moths of wrath
  9 cyclopes
  A guardian serpent (Snake:3)
  18 salamanders
  7 water nymphs
  5 meliai
  An apocalypse crab (D:14)
  A kobold blastminer (Orc:2)
  A guardian serpent (shapeshifter) (Elf:3)
  44 black mambas
  A black mamba (shapeshifter) (Elf:1)
  4 eyes of devastation
  21 vault sentinels
  5 gargoyles
  5 elephants (Lair:2)
  16 naga magi
  A torpor snail (Gauntlet)
  5 komodo dragons
  2 unseen horrors
  8 cane toads
  10 rime drakes
  2 freezing wraiths
  32 yaktaurs
  2 tormentors (Depths:4)
  8 tengu conjurers
  2 efreet
  4 trolls
  32 merfolk
  26 polar bears
  A troll (shapeshifter) (Elf:1)
  A hornet (shapeshifter) (Elf:1)
  3 hornets
  4 dream sheep (Shoals:4)
  Grinder (D:4)
  30 blink frogs
  A blink frog (shapeshifter) (D:15)
  A tyrant leech (Lair:3)
  5 glass eyes
  12 snapping turtles
  7 wind drakes
  2 raiju (Lair:5)
  A jumping spider (shapeshifter) (D:14)
  A spriggan (Depths:3)
  A shadow (D:11)
  66 slime creatures
  2 vampires (D:12)
  2 centaur simulacra (Gauntlet)
  Sigmund (D:2)
  A wyvern (Lair:3)
  18 water elementals
  3 air elementals
  69 yaks
  6 wraiths
  A fire elemental (Elf:3)
  2 fire bats
  6 hogs (Snake:1)
  12 wargs
  2 humans (D:14)
  The ghost of GreenGuy14 the Skirmisher, an amateur GnHu (D:3)
  4 golden eyes (Slime:4)
  A neqoxec (D:5)
  4 redbacks
  7 basilisks
  3 steam dragons
  3 swamp worms (Lair:3)
  3 vampire mosquitoes (D:12)
  59 nagas
  6 acid dragons
  12 water moccasins
  12 hell hounds (Lair:5)
  A human skeleton (Depths:3)
  21 orc warriors
  16 black bears
  2 sky beasts
  A laughing skull (D:12)
  An ice beast (D:4)
  17 wolves
  10 ogres
  24 centaurs
  A phantom (D:4)
  3 kobold brigands
  13 bullfrogs
  A cane toad simulacrum (Gauntlet)
  3 earth elementals
  6 scorpions
  15 wights
  6 killer bees
  4 electric eels
  A crimson imp (D:11)
  A bombardier beetle (D:3)
  2 centaur zombies (Ossuary)
  3 jellies
  15 orc priests
  2 sleepcaps
  A hound (D:4)
  2 iguanas (Lair:5)
  Natasha (thrice) (D:2)
  21 orc wizards
  3 hell rats
  3 crocodile zombies (Ossuary)
  2 mummies (Ossuary)
  An adder (D:4)
  3 river rats
  A white imp (D:7)
  An ufetubus (D:5)
  4 dart slugs
  2 ribbon worms
  65 orcs
  6 ball pythons
  8 endoplasms
  5 giant cockroaches
  3 gnoll zombies (Ossuary)
  9 goblins
  16 hobgoblins
  10 jackals
  3 quokkas
  5 bats
  A frilled lizard (D:1)
  27 kobolds
  2 kobold zombies (Ossuary)
  6 rats
  An aspiring flesh (Zot:4)
  2 tentacles (Shoals:3)
2178 creatures vanquished.

Vanquished Creatures (collateral kills)
  An ancient lich (Zot:5)
  2 bone dragons (Depths:4)
  An electric golem (Zot:5)
  Grunn (Depths:4)
  A tengu reaver (Vaults:4)
  A red draconian (Zot:5)
  2 war gargoyles (Vaults:4)
  A merfolk javelineer (Shoals:4)
  A crystal guardian (Vaults:4)
  2 peacekeepers (Vaults:4)
  2 ice dragons (IceCv)
  An ironbound frostheart (IceCv)
  A merfolk avatar (Shoals:4)
  An alligator snapping turtle (Shoals:1)
  A two-headed ogre (D:10)
  3 dancing weapons
  A deep elf knight (Elf:2)
  A fire crab (Shoals:4)
  A sea snake (Shoals:4)
  An orc knight (Orc:1)
  An ugly thing (IceCv)
  A necromancer (Depths:4)
  A manticore (Shoals:1)
  A meliai (Gauntlet)
  2 komodo dragons (Lair:5)
  3 rime drakes
  A polar bear (IceCv)
  2 snapping turtles
  3 merfolk
  A bat (Shoals:1)
  A kobold (Vaults:4)
  An aspiring flesh (Zot:5)
44 creatures vanquished.

Vanquished Creatures (others)
  A shadow dragon (Depths:3)
  A fire giant (Depths:3)
  A draconian knight (Zot:4)
  A frost giant (Depths:3)
  A deep elf death mage (Depths:3)
  A spark wasp (Depths:4)
  An ettin (Depths:3)
  A deep elf knight (Elf:2)
  A deep elf pyromancer (Elf:2)
  A manticore (D:12)
  A naga mage (Snake:4)
  A tyrant leech (Zot:5)
  A naga (Snake:4)
  12 tentacles (Shoals:3)
25 creatures vanquished.

Grand Total: 2247 creatures vanquished

Notes
Turn   | Place    | Note
-------+----------+-------------------------------------------
     0 | D:1      | TheMeInTeam the Merfolk Berserker began the quest for the
                  | Orb.
     0 | D:1      | Reached XP level 1. HP: 18/18 MP: 1/1
   196 | D:1      | Reached XP level 2. HP: 22/24 MP: 2/2
   372 | D:1      | Reached skill level 1 in Stealth
   513 | D:1      | Reached XP level 3. HP: 28/30 MP: 3/3
   515 | D:1      | Reached ** piety under Trog
  1087 | D:2      | Found Ebeuw's Armour Boutique.
  1136 | D:2      | Noticed Natasha
  1187 | D:2      | You fall into a shaft and drop 1 floor!
  1571 | D:2      | Reached XP level 4. HP: 37/37 MP: 4/4
  1637 | D:2      | Noticed Sigmund
  2340 | D:3      | Found a runed translucent door.
  2340 | D:3      | Noticed GreenGuy14's ghost (amateur GnHu)
  2451 | D:3      | Reached skill level 5 in Long Blades
  2461 | D:3      | Reached skill level 1 in Evocations
  2464 | D:3      | Reached XP level 5. HP: 43/43 MP: 5/5
  2876 | D:4      | Noticed an ogre
  2884 | D:4      | Killed an ogre
  2905 | D:4      | Noticed a phantom
  2914 | D:4      | Killed a phantom
  2915 | D:4      | Reached skill level 5 in Fighting
  2915 | D:4      | Reached XP level 6. HP: 51/51 MP: 6/6
  3060 | D:4      | Found a glowing drain.
  3104 | Sewer    | Entered a sewer
  3332 | D:4      | Reached *** piety under Trog
  3448 | D:4      | Reached XP level 7. HP: 49/57 MP: 7/7
  3600 | D:4      | Noticed Grinder
  3635 | D:4      | Killed Grinder
  4002 | D:5      | Entered Level 5 of the Dungeon
  4169 | D:5      | Reached XP level 8. HP: 57/65 MP: 8/8
  4188 | D:5      | Found a staircase to the Ecumenical Temple.
  4268 | D:5      | Found a sand-covered staircase.
  4278 | Ossuary  | Entered an ossuary
  4983 | D:6      | Noticed Pikel
  5011 | D:6      | Killed Pikel
  5012 | D:6      | Reached XP level 9. HP: 54/75 MP: 9/9
  5574 | D:6      | Found a sacrificial altar of Ru.
  5609 | D:6      | Found a snail-covered altar of Cheibriados.
  5932 | D:7      | Noticed a cyclops
  5954 | D:7      | Killed a cyclops
  5955 | D:7      | Reached skill level 10 in Long Blades
  5955 | D:7      | Reached skill level 5 in Evocations
  6423 | D:7      | Found an opulent altar of Gozag.
  6423 | D:7      | Found a shadowy altar of Dithmenos.
  6463 | D:7      | Found a white marble altar of Elyvilon.
  6465 | D:7      | Found an ornate altar of the Wu Jian Council.
  6718 | D:8      | Noticed an unseen horror
  6721 | D:8      | Found a stormy altar of Qazlal.
  6750 | D:8      | Killed an unseen horror
  6751 | D:8      | Reached skill level 10 in Fighting
  6811 | D:8      | Noticed a hornet
  6816 | D:8      | Killed a hornet
  6817 | D:8      | Reached XP level 10. HP: 74/85 MP: 10/10
  7183 | D:8      | Identified the +4 dagger of Checks and Balances {elec,
                  | rC++}
  7928 | D:2      | Bought a +0 pair of gloves for 49 gold pieces
  8808 | D:9      | Reached skill level 1 in Short Blades
  8921 | D:9      | Found a blossoming altar of Fedhas.
  9318 | D:9      | Noticed a two-headed ogre
  9324 | D:9      | Killed a two-headed ogre
  9521 | D:9      | Reached **** piety under Trog
  9743 | D:10     | Entered Level 10 of the Dungeon
  9994 | D:10     | Found a staircase to the Lair.
 10109 | D:10     | Reached XP level 11. HP: 91/91 MP: 11/11
 10117 | D:10     | Noticed a death yak
 10118 | D:10     | Noticed a death yak
 10819 | D:10     | Reached skill level 5 in Dodging
 10917 | D:10     | Killed a death yak
 10935 | D:10     | Killed a death yak
 11116 | D:10     | Noticed a two-headed ogre
 11117 | D:10     | Killed a two-headed ogre
 11513 | D:10     | Noticed a cyclops
 11531 | D:10     | Noticed a cyclops
 11706 | D:10     | Killed a cyclops
 11857 | D:10     | Killed a cyclops
 12002 | D:10     | Noticed a centaur warrior
 12049 | D:10     | Killed a centaur warrior
 12170 | D:10     | Noticed a boulder beetle
 12410 | D:10     | Killed a boulder beetle
 13169 | D:11     | Reached XP level 12. HP: 90/102 MP: 12/12
 13283 | D:11     | Found a roughly hewn altar of Beogh.
 13283 | D:11     | Found a staircase to the Orcish Mines.
 13376 | D:11     | Noticed a two-headed ogre
 13382 | D:11     | Killed a two-headed ogre
 13699 | D:11     | Reached skill level 5 in Armour
 14499 | D:2      | Bought the +0 buckler "Alluskeg" {Regen+ rCorr Int+4
                  | Slay-3} for 141 gold pieces
 14672 | Lair:1   | Entered Level 1 of the Lair of Beasts
 14832 | Lair:1   | Reached skill level 1 in Shields
 14968 | Lair:1   | You fall into a shaft and drop 1 floor!
 15130 | Lair:2   | Reached skill level 10 in Dodging
 15199 | Lair:2   | Found a gate leading to a gauntlet.
 15217 | Lair:2   | Noticed Harold
 15233 | Gauntlet | Entered a Gauntlet
 15233 | Gauntlet | Found a transporter.
 15254 | Gauntlet | Found a transporter.
 15256 | Gauntlet | Found a transporter.
 15267 | Gauntlet | Found a transporter.
 15270 | Gauntlet | Found a transporter.
 15273 | Gauntlet | Noticed a hell hog
 15284 | Gauntlet | Found a transporter.
 15294 | Gauntlet | Noticed a great orb of eyes
 15296 | Gauntlet | Found a runed translucent gate.
 15297 | Gauntlet | Found a transporter.
 15297 | Gauntlet | Found a runed translucent gate.
 15298 | Gauntlet | Found a runed translucent gate.
 15306 | Gauntlet | Noticed a catoblepas
 15308 | Gauntlet | Found a transporter.
 15320 | Gauntlet | Found a transporter.
 15321 | Gauntlet | Found a runed translucent door.
 15321 | Gauntlet | Found a runed translucent door.
 15334 | Gauntlet | Found a transporter.
 15334 | Gauntlet | Found a transporter.
 15348 | Gauntlet | Found a transporter.
 15360 | Gauntlet | Found a transporter.
 15400 | Gauntlet | Found a transporter.
 15602 | Gauntlet | Reached XP level 13. HP: 98/111 MP: 13/13
 15608 | Gauntlet | Identified the ring of Eternal Harmony {rF- rN+++ Dex-5
                  | Slay+4 SInv}
 15634 | Gauntlet | Identified the staff "Sytyomia" {+Blink rPois Int+5 Dex+2
                  | Alchemy}
 15634 | Gauntlet | Noticed a minotaur
 15660 | Gauntlet | Killed a minotaur
 15710 | Lair:2   | Reached ***** piety under Trog
 15741 | Lair:2   | Killed Harold
 15777 | Lair:2   | Reached skill level 5 in Shields
 17291 | Lair:2   | Noticed Sonja
 17294 | Lair:2   | Killed Sonja
 18054 | Lair:2   | Found a staircase to the Snake Pit.
 18696 | Lair:3   | Found a staircase to the Shoals.
 20113 | Lair:4   | Reached XP level 14. HP: 116/120 MP: 14/14
 20441 | Lair:4   | Received a gift from Trog
 20940 | Lair:5   | Entered Level 5 of the Lair of Beasts
 21337 | Lair:5   | Found a staircase to the Slime Pits.
 22428 | Lair:5   | Reached skill level 15 in Fighting
 23026 | Lair:5   | Identified a scroll of acquirement
 23074 | Lair:5   | Acquired a manual of Fighting
 23215 | Lair:5   | Received a gift from Trog
 23535 | Lair:5   | Identified the +4 mace of the Ghost {freeze, +Blink rF+
                  | rC++ Str-3}
 23686 | Orc:1    | Entered Level 1 of the Orcish Mines
 23950 | Orc:2    | Entered Level 2 of the Orcish Mines
 24110 | Orc:2    | Reached XP level 15. HP: 118/129 MP: 15/15
 24331 | Orc:2    | Noticed an orc warlord
 24436 | Orc:2    | Killed an orc warlord
 24875 | Orc:2    | Found a roughly hewn altar of Beogh.
 24903 | Orc:2    | Paralysed by an orc sorcerer for 5 turns
 24933 | Orc:2    | Found Koits's Antique Armour Boutique.
 24941 | Orc:2    | Bought a smoking helmet for 228 gold pieces
 24941 | Orc:2    | Identified the +3 helmet of the Soft God {Int+3} (You
                  | bought it in a shop on level 2 of the Orcish Mines)
 24975 | Orc:2    | Found Zyash's Antique Weapon Boutique.
 24991 | Orc:2    | Found a staircase to the Elven Halls.
 25076 | Orc:2    | Found Korchaule's Book Boutique.
 25091 | Orc:2    | Found Wureux's General Store.
 25098 | Orc:2    | Bought a wand of paralysis (6) for 201 gold pieces
 25550 | D:12     | Reached ****** piety under Trog
 25551 | D:12     | Reached skill level 15 in Long Blades
 26252 | D:13     | Reached skill level 15 in Dodging
 26306 | D:13     | Found an iron altar of Okawaru.
 27014 | D:14     | Received a gift from Trog
 27087 | D:14     | Found a runed translucent door.
 27317 | D:14     | Reached skill level 10 in Shields
 27335 | D:14     | Reached XP level 16. HP: 135/141 MP: 16/16
 27406 | D:14     | Noticed Louise
 27421 | D:14     | Killed Louise
 27891 | D:14     | Found a gate to the Vaults.
 28097 | D:15     | Entered Level 15 of the Dungeon
 28123 | D:15     | Received a gift from Trog
 28155 | D:15     | Found a staircase to the Depths.
 28482 | D:15     | Reached skill level 10 in Armour
 29021 | D:15     | Found a staircase to the Depths.
 29555 | Snake:1  | Entered Level 1 of the Snake Pit
 29864 | Snake:1  | Noticed Jorgrun
 29904 | Snake:1  | Killed Jorgrun
 30054 | Snake:1  | Found Nunluddo's Armour Shoppe.
 30110 | Snake:1  | Found Ecebesux's Antique Armour Emporium.
 30113 | Snake:1  | Bought a translucent scale mail for 315 gold pieces
 30113 | Snake:1  | Identified the +6 scale mail of Resourcefulness {Harm
                  | Int+2} (You bought it in a shop on level 1 of the Snake
                  | Pit)
 30221 | Snake:1  | Found Udwol's Weapon Shop.
 30222 | Snake:1  | Found Ifuwam's Book Boutique.
 30317 | Snake:1  | Found Maexzole's Assorted Antiques.
 30324 | Snake:1  | Bought a wand of digging (3) for 315 gold pieces
 30324 | Snake:1  | Bought a potion of curing for 75 gold pieces
 30324 | Snake:1  | Bought a potion of curing for 75 gold pieces
 30461 | Snake:1  | Noticed Kirke
 30510 | Snake:1  | Received a gift from Trog
 31121 | Snake:1  | Killed Kirke
 31261 | Snake:2  | Reached XP level 17. HP: 127/151 MP: 17/17
 31400 | Snake:2  | Found a glacial archway.
 31420 | IceCv    | Entered an ice cave
 32233 | IceCv    | Received a gift from Trog
 33060 | Snake:2  | Found Icilo's One-of-a-Kind Rings.
 33069 | Snake:2  | Bought a +9 ring of dexterity for 858 gold pieces
 33653 | Snake:2  | You fall into a shaft and drop 1 floor!
 33997 | Snake:3  | Found a radiant altar of Vehumet.
 34215 | Snake:3  | Found Meijogacw's Antique Weapon Shoppe.
 34504 | Snake:3  | Reached XP level 18. HP: 100/162 MP: 18/18
 35103 | Shoals:1 | Entered Level 1 of the Shoals
 35173 | Shoals:1 | Identified the +1 ring mail "Xunoyfry" {Harm *Slow Str+9
                  | Int+2}
 35215 | Shoals:1 | Found Ziyshymon's Weapon Shoppe.
 35393 | Shoals:1 | Found Zut Roe's Antique Armour Shop.
 35402 | Shoals:1 | Received a gift from Trog
 35411 | Shoals:1 | Bought a bloodstained cloak for 266 gold pieces
 35411 | Shoals:1 | Identified the +0 cloak "Lethil" {Str+5} (You bought it in
                  | a shop on level 1 of the Shoals)
 35748 | Shoals:2 | Identified the amulet "Myshumot" {Reflect rN+ Will+ Int+2
                  | SH+5}
 36486 | Shoals:3 | Received a gift from Trog
 37187 | Shoals:4 | Entered Level 4 of the Shoals
 37217 | Shoals:4 | Noticed Polyphemus
 37263 | Shoals:3 | Killed Polyphemus
 37646 | Shoals:4 | Reached XP level 19. HP: 172/172 MP: 19/19
 37798 | Shoals:4 | Reached skill level 15 in Shields
 37799 | Shoals:4 | Received a gift from Trog
 38096 | Shoals:4 | Identified the +6 glaive of Vumai {freeze, MP+9 Str+3
                  | Dex+3}
 38219 | Shoals:4 | Identified the +0 leather armour of Gravity {rCorr Str+3
                  | Dex-5 SInv}
 38425 | Shoals:4 | Got a barnacled rune of Zot
 38666 | Snake:4  | Entered Level 4 of the Snake Pit
 38851 | Snake:4  | Found a runed translucent gate.
 38851 | Snake:4  | Found a runed translucent gate.
 38851 | Snake:4  | Found an opulent altar of Gozag.
 38852 | Snake:4  | Found a runed translucent gate.
 38853 | Snake:4  | Noticed DeathSocks's ghost (adept CoHu)
 39514 | Snake:4  | Received a gift from Trog
 39883 | Snake:4  | Got a serpentine rune of Zot
 40046 | Snake:4  | Found Pyerph's Assorted Antiques.
 40047 | Snake:4  | Found Itirea's Assorted Antiques.
 40297 | Elf:1    | Entered Level 1 of the Elven Halls
 40297 | Elf:1    | Found a runed translucent gate.
 40297 | Elf:1    | Found a runed translucent gate.
 40297 | Elf:1    | Found a runed translucent gate.
 40297 | Elf:1    | Found a runed translucent gate.
 40297 | Elf:1    | Found a runed translucent gate.
 40297 | Elf:1    | Found a runed translucent gate.
 40301 | Elf:1    | Found a runed translucent door.
 40364 | Elf:1    | Found a runed translucent door.
 40412 | Elf:1    | Noticed Frances
 40435 | Elf:1    | Killed Frances
 40454 | Elf:1    | Reached XP level 20. HP: 182/182 MP: 20/20
 40659 | Elf:1    | Found Meodykuw's Assorted Antiques.
 40690 | Elf:1    | Received a gift from Trog
 40748 | Elf:1    | Bought a scroll of blinking for 195 gold pieces
 41255 | Elf:2    | Paralysed by an air elemental for 1 turns
 41379 | Elf:2    | Found a runed translucent gate.
 41379 | Elf:2    | Found a runed translucent gate.
 41379 | Elf:2    | Found a runed translucent gate.
 41389 | Elf:2    | Reached skill level 10 in Evocations
 41469 | Elf:2    | Received a gift from Trog
 41898 | Elf:2    | Noticed Zenata
 41912 | Elf:2    | Killed Zenata
 42591 | Elf:2    | Received a gift from Trog
 43534 | Elf:3    | Entered Level 3 of the Elven Halls
 43580 | Elf:3    | Noticed Donald
 43593 | Elf:3    | Killed Donald
 43948 | Elf:3    | Noticed Mara
 43978 | Elf:3    | Killed Mara
 43979 | Elf:3    | Reached XP level 21. HP: 189/189 MP: 21/21
 44025 | Elf:3    | Received a gift from Trog
 44229 | Elf:3    | Noticed Norris
 44274 | Elf:3    | Killed Norris
 44550 | Elf:3    | Identified the +4 robe "Zuni" {Str+6}
 44550 | Elf:3    | Noticed Boris
 44560 | Elf:3    | Killed Boris
 45045 | Elf:3    | Identified the ring of the Princess {^Contam rElec rPois
                  | rC+ Stlth+}
 45063 | Elf:3    | Received a gift from Trog
 45181 | Elf:3    | Identified the serpent talisman of Untruth {Str+3 Int-4
                  | Stlth+}
 45181 | Elf:3    | Noticed Aizul
 45206 | Elf:3    | Identified the +2 glaive of Change {freeze, rPois Str+2}
 45206 | Elf:3    | Killed Aizul
 45307 | Elf:3    | Identified the death talisman of Atheism {rCorr Slay+2}
 45316 | Elf:3    | Identified the staff "Transmigrator" {rPois Fire Alchemy}
 45324 | Elf:3    | Identified the staff "Conservator" {rF+ Str+2 Fire}
 45839 | D:2      | Killed Natasha
 45907 | D:2      | Killed Sigmund
 45954 | D:2      | Found Ebeuw's Armour Boutique.
 46371 | D:2      | Noticed Natasha
 46374 | D:2      | Killed Natasha
 46482 | D:2      | Noticed Natasha
 46485 | D:2      | Killed Natasha
 46606 | D:3      | Killed GreenGuy14's ghost
 46838 | D:14     | Reached skill level 1 in Shapeshifting
 46980 | D:14     | Reached skill level 2 in Shapeshifting
 47359 | Snake:4  | Killed DeathSocks's ghost
 47486 | Snake:4  | Bought a scroll of teleportation for 72 gold pieces
 47486 | Snake:4  | Bought a wand of warping (5) for 288 gold pieces
 47486 | Snake:4  | Bought a potion of curing for 72 gold pieces
 47757 | Vaults:1 | Entered Level 1 of the Vaults
 47770 | Vaults:1 | Reached skill level 3 in Shapeshifting
 48037 | Vaults:1 | Received a gift from Trog
 48038 | Vaults:1 | Reached skill level 4 in Shapeshifting
 48221 | Vaults:1 | Reached skill level 5 in Shapeshifting
 48418 | Vaults:1 | Identified the +7 spear of Shrieking Terror {freeze, Will+}
 48464 | Vaults:1 | Reached skill level 6 in Shapeshifting
 48469 | Vaults:1 | Received a gift from Trog
 48665 | Vaults:1 | Reached XP level 22. HP: 179/196 MP: 22/22
 49201 | Vaults:2 | Noticed Sojobo
 49212 | Vaults:2 | Paralysed by an air elemental for 1 turns
 49226 | Vaults:2 | Killed Sojobo
 49272 | Vaults:2 | Reached skill level 7 in Shapeshifting
 49434 | Vaults:2 | Reached skill level 15 in Evocations
 49622 | Vaults:2 | Received a gift from Trog
 49953 | Vaults:2 | Reached skill level 8 in Shapeshifting
 50546 | Vaults:3 | Reached skill level 9 in Shapeshifting
 50557 | Vaults:3 | Received a gift from Trog
 50671 | Vaults:3 | Found Piczom's Armour Emporium.
 50805 | Vaults:3 | Acquired the +0 pair of boots of Shadows and Fog {rF+
                  | Dex+8}
 51183 | Vaults:3 | Reached skill level 10 in Shapeshifting
 51385 | Vaults:3 | Received a gift from Trog
 51386 | Vaults:3 | Reached skill level 11 in Shapeshifting
 51599 | Vaults:3 | Identified the +1 whip of Causality {heavy, rN+++ Will+
                  | Int-4 Stlth+}
 51663 | Vaults:3 | Reached XP level 23. HP: 175/203 MP: 23/23
 51669 | Vaults:3 | Reached skill level 12 in Shapeshifting
 51807 | Vaults:3 | Found a staircase to the Crypt.
 52639 | Vaults:4 | Reached skill level 13 in Shapeshifting
 52682 | Vaults:4 | Found a flickering gateway to a bazaar.
 52703 | Bazaar   | Entered a bazaar
 52718 | Bazaar   | Found Xurit's Distillery.
 52722 | Bazaar   | Bought a potion of heal wounds for 55 gold pieces
 52722 | Bazaar   | Bought a potion of heal wounds for 55 gold pieces
 52722 | Bazaar   | Bought a potion of curing for 33 gold pieces
 52722 | Bazaar   | Bought a potion of might for 44 gold pieces
 52749 | Bazaar   | Found Gonwerch's Distillery.
 52754 | Bazaar   | Bought a potion of might for 28 gold pieces
 52754 | Bazaar   | Bought a potion of curing for 21 gold pieces
 52754 | Bazaar   | Bought a potion of lignification for 21 gold pieces
 52754 | Bazaar   | Bought a potion of curing for 21 gold pieces
 52772 | Bazaar   | Found Nedis's Magic Scroll Shoppe.
 52798 | Bazaar   | Found Roewk's Magic Scroll Shoppe.
 52810 | Bazaar   | Bought a scroll of teleportation for 33 gold pieces
 52810 | Bazaar   | Bought a scroll of enchant weapon for 82 gold pieces
 52810 | Bazaar   | Bought a scroll of teleportation for 33 gold pieces
 52810 | Bazaar   | Bought a scroll of revelation for 82 gold pieces
 52810 | Bazaar   | Bought a scroll of fear for 44 gold pieces
 52831 | Bazaar   | Bought a scroll of teleportation for 39 gold pieces
 52831 | Bazaar   | Bought a scroll of vulnerability for 52 gold pieces
 52831 | Bazaar   | Bought a scroll of teleportation for 39 gold pieces
 52831 | Bazaar   | Bought a scroll of immolation for 52 gold pieces
 52831 | Bazaar   | Bought a scroll of immolation for 52 gold pieces
 52831 | Bazaar   | Bought a scroll of enchant armour for 97 gold pieces
 52831 | Bazaar   | Bought a scroll of blinking for 97 gold pieces
 52986 | Vaults:4 | Reached skill level 14 in Shapeshifting
 53567 | Vaults:4 | Reached skill level 15 in Shapeshifting
 53937 | Depths:1 | Entered Level 1 of the Depths
 54212 | Depths:1 | Found an ancient bone altar of Kikubaaqudgha.
 54308 | Depths:1 | Found Vitsiade's Jewellery Emporium.
 54308 | Depths:1 | Found Vilodav's Armour Shoppe.
 54309 | Depths:1 | Found Fehudaa's Assorted Antiques.
 54329 | Depths:1 | Reached skill level 16 in Shapeshifting
 54336 | Depths:1 | Bought a scroll of fear for 128 gold pieces
 54336 | Depths:1 | Found Uvoneth's Book Emporium.
 54432 | Depths:1 | Received a gift from Trog
 54482 | Depths:1 | Found a gateway to Hell.
 54608 | Depths:1 | Noticed Asterion
 54615 | Depths:1 | Killed Asterion
 54951 | Depths:2 | Found a one-way gate leading to the halls of Pandemonium.
 55292 | Depths:2 | Found a one-way gate to the infinite horrors of the Abyss.
 55475 | Depths:2 | Found Niosusar's Book Emporium.
 55634 | Depths:2 | Found a portal to a secret trove of treasure.
 55658 | Depths:2 | You paid a toll of 15 scrolls of teleportation to enter a
                  | treasure trove
 55659 | Trove    | Entered a treasure trove
 55669 | Trove    | Identified the +0 pair of gloves "Daowauck" {Will- Str+5}
 55726 | Depths:2 | Reached skill level 17 in Shapeshifting
 56051 | Elf:1    | Bought a scroll of teleportation for 78 gold pieces
 56051 | Elf:1    | Bought a scroll of teleportation for 78 gold pieces
 56051 | Elf:1    | Bought 2 potions of curing for 156 gold pieces
 56051 | Elf:1    | Bought a potion of invisibility for 208 gold pieces
 56051 | Elf:1    | Bought a potion of curing for 78 gold pieces
 56568 | Depths:3 | Noticed a golden dragon
 56582 | Depths:3 | Killed a golden dragon
 56637 | Depths:3 | Noticed a dread lich
 56648 | Depths:3 | Paralysed by a dread lich for 3 turns
 56763 | Depths:3 | Paralysed by a dread lich for 4 turns
 56776 | Depths:3 | Killed a dread lich
 56808 | Depths:3 | Received a gift from Trog
 56809 | Depths:3 | Reached XP level 24. HP: 210/210 MP: 23/23
 57253 | Depths:3 | Reached skill level 18 in Shapeshifting
 57491 | Depths:3 | Identified the +0 cloak of Cheibriados's Reproof {Will+
                  | Dex+3}
 57567 | Depths:3 | Found a one-way gateway to a ziggurat.
 57647 | Depths:3 | Identified the +3 robe "Jeus" {rElec rF+++ Will- Dex-5}
 57647 | Depths:3 | Noticed Boris
 57672 | Depths:3 | Killed Boris
 58047 | Depths:4 | Entered Level 4 of the Depths
 58144 | Depths:4 | Found Wishest's Distillery.
 58197 | Depths:4 | Bought a potion of haste for 190 gold pieces
 58197 | Depths:4 | Bought a potion of resistance for 190 gold pieces
 58197 | Depths:4 | Bought 2 potions of haste for 380 gold pieces
 58197 | Depths:4 | Bought 2 potions of heal wounds for 190 gold pieces
 58197 | Depths:4 | Bought a potion of curing for 57 gold pieces
 58201 | Depths:4 | Noticed Margery
 58230 | Depths:4 | Reached skill level 19 in Shapeshifting
 58232 | Depths:4 | Killed Margery
 58232 | Depths:4 | Received a gift from Trog
 58429 | Depths:4 | Identified the orb "Xoir" {light, *Corrode rN+ Regen+
                  | Necro}
 58429 | Depths:4 | Noticed Frederick
 58563 | Depths:4 | Reached skill level 20 in Shapeshifting
 58883 | Depths:3 | Killed Frederick
 59049 | Depths:4 | Noticed Grunn
 59061 | Depths:4 | Reached skill level 21 in Shapeshifting
 59069 | Depths:4 | Killed Grunn
 59094 | Depths:4 | Received a gift from Trog
 59241 | Depths:4 | Reached XP level 25. HP: 177/212 MP: 23/23
 60262 | Depths:4 | Found a gate to the Realm of Zot.
 60562 | Slime:1  | Entered Level 1 of the Pits of Slime
 60572 | Slime:1  | Reached skill level 22 in Shapeshifting
 60609 | Slime:1  | You fall into a shaft and drop 1 floor!
 61475 | Slime:4  | Reached skill level 23 in Shapeshifting
 61875 | Slime:5  | Entered Level 5 of the Pits of Slime
 62073 | Slime:5  | Received a gift from Trog
 62154 | Slime:5  | Noticed the Royal Jelly
 62158 | Slime:5  | the Royal Jelly changed into a rockslime shaped Royal Jelly
 62158 | Slime:5  | Noticed a rockslime shaped Royal Jelly
 62402 | Slime:4  | Killed a rockslime shaped Royal Jelly
 62467 | Slime:5  | Identified the +5 ring mail of Dithmenos's Whim {*Slow rF+
                  | rN++ Will+}
 62477 | Slime:5  | Identified the +5 short sword of Xom {flame, rElec rPois
                  | rF- rN+ Will+}
 62532 | Slime:5  | Got a slimy rune of Zot
 62665 | Slime:5  | Reached skill level 24 in Shapeshifting
 62713 | Slime:5  | Identified the +6 dagger of the Known World {pain, ^Fragile
                  | rC+ Str+5}
 63844 | Zot:1    | Entered Level 1 of the Realm of Zot
 63919 | Zot:1    | Noticed an orb of fire
 63940 | Zot:1    | Killed an orb of fire
 64105 | Zot:1    | Noticed an orb of fire
 64126 | Zot:1    | Killed an orb of fire
 64816 | Zot:1    | Found a runed translucent gate.
 64817 | Zot:1    | Found a runed translucent gate.
 64817 | Zot:1    | Found a runed translucent gate.
 64819 | Zot:1    | Noticed Bealaq's ghost (legendary GnFE)
 65111 | Zot:2    | Received a gift from Trog
 65152 | Zot:2    | Reached XP level 26. HP: 226/226 MP: 23/23
 65254 | Zot:2    | Reached skill level 25 in Shapeshifting
 66258 | Zot:3    | Identified the +8 scimitar of Extinguishment {flame, *Slow
                  | +Blink rF+ Str+2} (Trog gifted it to you on level 3 of the
                  | Realm of Zot)
 66258 | Zot:3    | Received a gift from Trog
 66331 | Zot:3    | Noticed an orb of fire
 66378 | Zot:3    | Killed an orb of fire
 66651 | Zot:3    | Identified the +1 sling of Wogehiuf {drain, rF- Str+6
                  | Dex+5}
 66714 | Zot:3    | Found a huge runed translucent gate.
 66714 | Zot:3    | Found a huge runed translucent gate.
 66715 | Zot:3    | Found a huge runed translucent gate.
 66715 | Zot:3    | Found a huge runed translucent gate.
 66715 | Zot:3    | Found a huge runed translucent gate.
 66716 | Zot:3    | Found a huge runed translucent gate.
 66716 | Zot:3    | Found a huge runed translucent gate.
 66717 | Zot:3    | Found a huge runed translucent gate.
 66717 | Zot:3    | Found a huge runed translucent gate.
 66718 | Zot:3    | Found a huge runed translucent gate.
 66719 | Zot:3    | Found a huge runed translucent gate.
 66719 | Zot:3    | Found a huge runed translucent gate.
 66719 | Zot:3    | Found a huge runed translucent gate.
 66719 | Zot:3    | Found a huge runed translucent gate.
 66721 | Zot:3    | Found a huge runed translucent gate.
 66723 | Zot:3    | Found a huge runed translucent gate.
 66724 | Zot:3    | Found a huge runed translucent gate.
 66725 | Zot:3    | Found a huge runed translucent gate.
 66726 | Zot:3    | Found a huge runed translucent gate.
 66727 | Zot:3    | Found a huge runed translucent gate.
 66727 | Zot:3    | Found a huge runed translucent gate.
 66732 | Zot:3    | Found a huge runed translucent gate.
 66733 | Zot:3    | Found a huge runed translucent gate.
 66733 | Zot:3    | Found a huge runed translucent gate.
 66733 | Zot:3    | Found a huge runed translucent gate.
 66738 | Zot:3    | Found a huge runed translucent gate.
 66739 | Zot:3    | Found a huge runed translucent gate.
 66740 | Zot:3    | Found a huge runed translucent gate.
 66741 | Zot:3    | Found a huge runed translucent gate.
 66741 | Zot:3    | Found a huge runed translucent gate.
 66746 | Zot:3    | Found a huge runed translucent gate.
 66747 | Zot:3    | Found a huge runed translucent gate.
 66747 | Zot:3    | Found a huge runed translucent gate.
 66747 | Zot:3    | Found a huge runed translucent gate.
 66747 | Zot:3    | Found a huge runed translucent gate.
 66749 | Zot:3    | Found a huge runed translucent gate.
 67651 | Zot:4    | Noticed an orb of fire
 67678 | Zot:4    | Killed an orb of fire
 67923 | Zot:4    | Reached skill level 26 in Shapeshifting
 67974 | Zot:4    | Received a gift from Trog
 68062 | Zot:4    | Identified the +11 sling of the Tiger {speed, rF+ rC+ Str+3
                  | Int+2}
 68276 | Zot:4    | Reached XP level 27. HP: 237/237 MP: 23/23
 68286 | Zot:4    | Found a transporter.
 68316 | Zot:4    | Acquired a scarf of resistance
 68330 | Zot:4    | Acquired the +10 tower shield of Ignorance {rN+ Int-4}
 68330 | Zot:4    | Found the +10 tower shield of Ignorance {rN+ Int-4}
 68344 | Zot:4    | Acquired a manual of Armour
 68441 | Zot:4    | Found a transporter.
 68547 | Zot:5    | Entered Level 5 of the Realm of Zot
 68672 | Zot:5    | Found a large runed translucent door.
 68672 | Zot:5    | Found a large runed translucent door.
 68674 | Zot:5    | Noticed Obluekk's ghost (veteran MiBe)
 68720 | Zot:5    | Killed Obluekk's ghost
 68979 | Zot:5    | Noticed an ancient lich
 69002 | Zot:5    | Killed an ancient lich
 69297 | Zot:5    | Noticed an ancient lich
 69306 | Zot:5    | Noticed an ancient lich
 69327 | Zot:5    | Killed an ancient lich
 69333 | Zot:5    | Noticed an orb of fire
 69334 | Zot:5    | Killed an ancient lich
 69351 | Zot:5    | Killed an orb of fire
 69422 | Zot:5    | Noticed an ancient lich
 69439 | Zot:5    | Killed an ancient lich
 69693 | Zot:5    | Noticed an orb of fire
 69702 | Zot:5    | Noticed an ancient lich
 69706 | Zot:5    | Noticed an ancient lich
 69710 | Zot:5    | Noticed a dread lich
 69723 | Zot:5    | Killed an ancient lich
 69724 | Zot:5    | Reached skill level 27 in Shapeshifting
 69729 | Zot:5    | Killed an orb of fire
 69737 | Zot:5    | Killed a dread lich
 69762 | Zot:5    | Killed an ancient lich
 69870 | Zot:5    | Identified the +2 broad axe of Certain Death {vamp, rPois
                  | rF+ Stlth+}
 70121 | Zot:5    | Got the Orb of Zot
 70185 | Zot:1    | Noticed Irhufa the pandemonium lord
 70588 | D:$      | Escaped with the Orb!

Illustrated notes

Levels and vault maps discovered:
D:1:      matt_arrival_los_fun, layout_basic, minmay_tromino_v7
D:2:      layout_loops_ring, serial_shops, shop,
          shapermc_ecumenical_altar_petra, st_stairs_5, uniq_natasha,
          uniq_sigmund
D:3:      layout_basic, hellmonk_ghost_happy_afterlife
D:4:      layout_basic, cheibrodos_sewer_entry_bend, uniq_grinder
D:5:      layout_rooms, minmay_temple_entry_trees,
          lightli_ossuary_entry_decrepit_ruins, minivault_23, st_stairs_12,
          grunt_ministairs_7, kennysheep_generic_room_13
D:6:      layout_rooms, mainiacjoe_overflow_boulevard, kennysheep_slug_shrine,
          uniq_pikel
D:7:      layout_rooms, nicolae_overflow_hidden_temple
D:8:      layout_rooms, marbit_many_paths
D:9:      layout_irregular_city, mainiacjoe_overflow_cross_hatched
D:10:     minmay_slanted_spiral_squares, layout_loops_ring, dpeg_lair_monsters
D:11:     layout_basic, david_orc_5, lightli_wizard_tower
D:12:     minmay_the_grid_net [minmay_the_grid_outer_diamond,
          minmay_the_grid_plusring, minmay_the_grid_odd_star,
          minmay_the_grid_small_cups, minmay_the_grid_expand,
          minmay_the_grid_prize_big_room], layout_loops_ring
D:13:     layout_loops_cross, serial_rivers, chequers_serial_rivers_small_b,
          chequers_serial_rivers_micro_e, chequers_serial_rivers_micro_c,
          chequers_serial_rivers_micro_e, kennysheep_okawaru_gauntlet
D:14:     gammafunk_mikee_crab_dinner, layout_loops_ring,
          grunt_vaults_entry_fortified, minivault_19, minmay_joined_circles,
          uniq_louise
D:15:     hangedman_depths_entry_try_elsewhere_first, layout_basic
Lair:1:   layout_roguey, serial_bayou_lake_a, lemuel_fruit_tree
Lair:2:   layout_gridlike, nicolae_snake_entry_squirm, gauntlet_entry_generic,
          uniq_harold, uniq_sonja
Lair:3:   layout_cave_pods, minmay_shoals_entry_hut, worms_lemuel,
          grunt_megastairs_1, infiniplex_staircase_pool, uniq_rupert
Lair:4:   layout_long_grid, serial_forest, infiniplex_forest_clump_diagonal,
          infiniplex_forest_lined_corner, infiniplex_forest_clump_small,
          infiniplex_forest_clump_long, infiniplex_forest_clump_double,
          infiniplex_forest_clump_cross, serial_bayou_shore_a
Lair:5:   guppyfry_lair_end_dragon, layout_misc_corridors,
          hangedman_lair_caniforms_friends, dpeg_slime_entry_enclosed,
          lemuel_fruit_fields
Shoals:1: layout_shoals, serial_shops, shop, shop,
          nicolae_shoals_siren_and_animal_friends
Shoals:2: layout_shoals
Shoals:3: layout_shoals, nicolae_shoals_gull_way
Shoals:4: shoals_end_simple, layout_shoals, hangedman_shoal_volcano,
          uniq_polyphemus
Snake:1:  nicolae_snake_attic_fulla_snakes, layout_grid_maze, special_room,
          serial_shops, shop, nicolae_shop_hallway_stairs,
          nicolae_shop_tiny_real_fake_doors, nicolae_book_shop_shelving, shop,
          grunt_megastairs_4, uniq_kirke, uniq_jorgrun
Snake:2:  layout_layer_cave, portal_ice_cave_entry_pillars_1,
          nicolae_shop_unique_rings, st_stairs_12,
          nicolae_snake_salamander_jacuzzi
Snake:3:  layout_misc_corridors, serial_shops, nicolae_shop_tiny_statue_garden,
          basic_altar, grunt_ministairs_12, nicolae_snake_salamander_stairs
Snake:4:  minmay_snake_end_coiled, layout_rooms, ebering_ghost_gozag
Slime:1:  layout_caves
Slime:2:  cheibrodos_slime_lost_civilization_1, layout_caves
Slime:3:  layout_caves
Slime:4:  layout_caves
Slime:5:  slime_pit_nicolae_inversion
Orc:1:    layout_caves
Orc:2:    grunt_orc_cross, layout_diamond_mine
Elf:1:    nicolae_elf_arrival_dilemma, layout_loops_ring, serial_shops, shop,
          nicolae_elf_shapeshifter_party, uniq_frances
Elf:2:    elven_hall_of_blades_hangedman_original [nicolae_blade_bullseye],
          layout_loops_cross, uniq_zenata
Elf:3:    grunt_elf_hall_asides, layout_geoelf_octagon, uniq_aizul, uniq_donald,
          uniq_norris, uniq_boris, uniq_mara
Vaults:1: grunt_vaults_funneled_arena, nicolae_vaults_closet_pinwheel_2,
          grunt_vaults_funnel, nicolae_vaults_heart-shaped_vault,
          nicolae_vaults_little_squares_5, nicolae_vaults_tetromino_L_1,
          nicolae_vaults_apartment_1, vaults_room_stairs_pillars,
          layout_vaults_chaotic_city
Vaults:2: nicolae_vaults_turnstiles, v_misc_5, nicolae_vaults_wrenched,
          v_misc_28, nicolae_vaults_diagonal_hallway_8, v_misc_22,
          layout_vaults_quadrants, uniq_sojobo
Vaults:3: dpeg_vaults_monster_box, nicolae_vaults_shipping_containers_6,
          nicolae_vaults_tetromino_L_1, v_alt_pattern_1,
          ontoclasm_vaults_ring_small, nicolae_vaults_apartment_2, v_misc_31,
          minmay_crypt_entry_simple_walls, nicolae_vaults_circle_grid_b,
          nicolae_vaults_network_star, serial_library_hellmonk_semicircle,
          nicolae_vaults_closet_pinwheel_1, ontoclasm_vaults_ligature,
          nicolae_vaults_ring_of_whatevers, v_pattern_4,
          nicolae_vaults_specimen_jars, vaults_room_fours,
          layout_vaults_maze_snakey, serial_shops, shop
Vaults:4: nicolae_vaults_network_quinsquares
          [nicolae_vaults_network_quincunx_subvault,
          nicolae_vaults_network_quincunx_subvault,
          nicolae_vaults_network_quincunx_subvault,
          nicolae_vaults_network_quincunx_subvault], hangedman_vaults_hat,
          nicolae_vaults_puzzle_piece, nicolae_vaults_apartment_1,
          minmay_orc_keep, v_alt_pattern_6, vaults_room_corners,
          ontoclasm_vaults_loading_screen, nicolae_vaults_variable_pillar_hall,
          ontoclasm_vaults_twist, nicolae_vaults_trapezoid_lopsided_4,
          layout_vaults_omnicross, serial_shops, bzr_entry_customers
Depths:1: layout_gridlike, nicolae_kikubaaqudgha_miasma_corner,
          grunt_hell_entry_dis_mu, kennysheep_generic_room_6, minmay_shoptagon,
          uniq_asterion
Depths:2: dreamdust_cat_pyramid, layout_long_grid, abyss_entry_glasseish,
          hell_entry, grunt_pan_entry_sceptre, enter_trove_1, kennysheep_path_1,
          serial_shops, shop, minmay_misc_feat_ornament,
          infiniplex_staircase_9_rooms, firewood_loft
Depths:3: nzn_winding_woodlands_cross [nzn_winding_woodlands_5x15_sidewinder,
          nzn_winding_woodlands_5x15_pathside_ponds,
          nzn_winding_woodlands_5x15_jagged, nzn_winding_woodlands_5x15_default,
          nzn_winding_woodlands_15x15_five_gardens], layout_basic,
          enter_ziggurat_f, special_room [special_room_morgue], hell_entry,
          abyss_entry, infiniplex_staircase_trident
Depths:4: grunt_zot_entry_pinwheel, layout_basic, pan_entry,
          serial_bayou_shore_b, serial_shops, shop, grunt_hell_horde,
          uniq_frederick, uniq_margery, uniq_grunn
Zot:1:    layout_basic, gammafunk_ghost_split
Zot:2:    layout_onion_interference, regret_index_zotdec_tunneler
Zot:3:    dreamdust_black_sun_cult, layout_concentric_octagons, door_vault
Zot:4:    gammafunk_its_a_trap, layout_onion
Zot:5:    layout_misc_corridors, ebering_ghost_disaster_area, skrybe_zot_glass_1

Skill      XL: |  1  2  3  4  5  6  7  8  9 10 11 12 13 14 15 16 17 18 19 20 21 22 23 24 25 26 27 |
---------------+----------------------------------------------------------------------------------+-----
Long Blades    | 4 5 6 7 9 11 13 14 15 | 15.7
Stealth        | 1 2 |  2.0
Fighting       | 4 5 6 8 10 11 13 14 15 17 18 20 21 22 23 24 | 24.7
Evocations     | 1 2 3 4 5 6 7 9 12 14 16 17 20 | 20.0
Short Blades   | 4 |  4.3
Dodging        | 3 8 10 12 14 15 16 18 20 21 22 | 22.0
Armour         | 2 4 6 7 8 9 10 11 12 13 14 | 14.8
Shields        | 4 6 8 10 11 13 14 15 17 19 20 | 20.4
Shapeshifting  | 6 11 17 21 24 26 27 | 27.0

Action                     |  1- 3 |  4- 6 |  7- 9 | 10-12 | 13-15 | 16-18 | 19-21 | 22-24 | 25-27 || total
---------------------------+-------+-------+-------+-------+-------+-------+-------+-------+-------++-------
  Melee: Falchion          |   133 |   134 |   309 |    78 |       |       |       |       |       ||   654
         Dagger            |       |       |       |   825 |    25 |   500 |       |       |       ||  1350
         Short sword       |       |       |       |    11 |       |       |       |       |       ||    11
         Scimitar          |       |       |       |   216 |  1084 |       |       |       |       ||  1300
         Double sword      |       |       |       |       |   583 |  1226 |  1579 |  1954 |  1673 ||  7015
         Tailslap          |       |       |       |       |     5 |    26 |    13 |     9 |       ||    53
  Throw: Dart              |       |     4 |    17 |    11 |    29 |       |       |       |       ||    61
 Invoke: Berserk           |     2 |     3 |    12 |    15 |     5 |     9 |     2 |     1 |     1 ||    50
         Trog's Hand       |       |       |     4 |     1 |     4 |     6 |     9 |     7 |     6 ||    37
         Brothers in Arms  |       |       |       |       |     4 |     4 |     3 |     4 |       ||    15
Ability: Siphon Essence    |       |       |       |       |       |       |       |       |     2 ||     2
  Evoke: Wand              |       |     2 |     9 |    14 |    24 |     7 |     1 |     1 |     8 ||    66
         Phantom mirror    |       |       |       |     4 |     1 |     1 |     2 |     1 |       ||     9
         Sack of spiders   |       |       |       |       |     1 |       |     1 |       |       ||     2
         Lightning rod     |       |       |       |       |       |     3 |     2 |       |       ||     5
         Tin of tremorston |       |       |       |       |       |       |     3 |     1 |     2 ||     6
         Phial of floods   |       |       |       |       |       |       |       |     2 |       ||     2
    Use: Scroll            |       |     6 |     4 |    15 |    20 |    10 |     6 |     8 |    20 ||    89
         Potion            |       |       |       |     1 |     5 |     5 |       |     2 |     1 ||    14
   Stab: Sleeping          |     4 |     4 |     4 |     1 |     3 |     3 |     7 |    22 |     6 ||    54
         Invisible         |       |     1 |       |     1 |    14 |       |       |       |       ||    16
         Paralysed         |       |       |       |     6 |    14 |     5 |     5 |       |       ||    30
         Distracted        |       |       |       |       |     1 |     1 |     9 |     4 |     6 ||    21
         Petrified         |       |       |       |       |       |     3 |       |       |       ||     3
 Armour: Animal skin       |    48 |       |       |       |       |       |       |       |       ||    48
         Leather armour    |    12 |    67 |   198 |   280 |       |       |       |       |       ||   557
         Ring mail         |       |       |       |   122 |   361 |       |       |       |       ||   483
         Swamp dragon scal |       |       |       |       |   391 |   709 |   461 |   384 |   406 ||  2351
         Steam dragon scal |       |       |       |       |     7 |       |       |       |       ||     7
  Dodge: Dodged            |    73 |    56 |   168 |   489 |  1037 |  1145 |   831 |  1334 |   977 ||  6110
  Block: Buckler           |       |       |       |    50 |   422 |    75 |       |       |       ||   547
         Kite shield       |       |       |       |       |       |  1157 |  1138 |  1812 |  1099 ||  5206
         Reflection        |       |       |       |       |       |    20 |    57 |       |       ||    77
         Tower shield      |       |       |       |       |       |       |       |       |   329 ||   329
   Form: Death             |       |       |       |       |       |       |       |       |     1 ||     1

Table legend: (Time is in decaauts)
 A = Elapsed time spent in this place.
 B = Non-inter-level travel time spent in this place.
 C = Inter-level travel time spent in this place.
 D = Time resting spent in this place.
 E = Time spent auto-exploring this place.
 F = Levels seen in this place.
 G = Mean time per level.
                   A        B        C        D        E       F      G
               +--------+--------+--------+--------+--------+-----+--------+
         Total |  67957 |  59945 |   8012 |   6241 |  34739 |  57 | 1192.2 |
       Dungeon |  21399 |  18145 |   3254 |   2873 |  10731 |  15 | 1426.6 |
          Lair |   8836 |   7748 |   1088 |    789 |   4604 |   5 | 1767.2 |
        Shoals |   2913 |   2742 |    171 |    171 |   1380 |   4 |  728.2 |
     Snake Pit |   5822 |   5212 |    610 |    563 |   3019 |   4 | 1455.5 |
    Slime Pits |   2433 |   2194 |    239 |    183 |   1371 |   5 |  486.6 |
  Orcish Mines |   2056 |   1371 |    685 |     63 |    778 |   2 | 1028.0 |
   Elven Halls |   4964 |   4292 |    672 |    513 |   2189 |   3 | 1654.7 |
        Vaults |   5177 |   4902 |    275 |     66 |   3352 |   4 | 1294.2 |
        Depths |   5965 |   5355 |    610 |    254 |   3250 |   4 | 1491.2 |
           Zot |   6082 |   5677 |    405 |    270 |   3510 |   5 | 1216.4 |
        Bazaar |    135 |    135 |      0 |      0 |     93 |   1 |  135.0 |
         Trove |     47 |     47 |      0 |      0 |     25 |   1 |   47.0 |
         Sewer |    135 |    135 |      0 |     40 |     16 |   1 |  135.0 |
       Ossuary |    273 |    273 |      0 |     84 |     48 |   1 |  273.0 |
      Ice Cave |   1285 |   1285 |      0 |    325 |    199 |   1 | 1285.0 |
      Gauntlet |    427 |    427 |      0 |     42 |    172 |   1 |  427.0 |
               +--------+--------+--------+--------+--------+-----+--------+

Top non-repeatable levels by time:
    D:10: 3285 daAuts
  Lair:5: 2583 daAuts
   Elf:2: 2099 daAuts
Depths:3: 2098 daAuts
     D:2: 1961 daAuts
    D:14: 1869 daAuts
  Lair:3: 1863 daAuts
 Snake:1: 1845 daAuts
    D:11: 1844 daAuts
     D:9: 1743 daAuts
   Elf:3: 1695 daAuts
   Zot:3: 1690 daAuts
  Lair:1: 1668 daAuts
Depths:4: 1597 daAuts
  Lair:2: 1565 daAuts
